Map: Incorporeal LE

Players

SHIN

  • Race: Zerg Zerg
  • Spawn Location: 11:00

FalconsSolar (Solar) - Winner!

  • Race: Zerg Zerg
  • Spawn Location: 5:00

Event: DreamHack Dallas 2025

VOD

Have the link to the VOD?

Description

Time

  • Played on: May 25, 2025, 2:29 p.m.
  • Length: 14:53

All games in this series

Show
View Real Time Build Order
Export as new Build Order

SHIN Zerg 

Build Orders: Hatch First 

Get SALT Encoding   

  12  0:00  Drone  
  13  0:07  Drone  
  13  0:14  Drone, Extractor  
  15  0:22  Overlord  
  15  0:40  Drone  
  16  0:45  Hatchery  
  16  0:49  Drone  
  16  0:52  Drone  
  16  0:56  Drone  
  18  1:06  Extractor  
  17  1:11  Spawning Pool  
  17  1:13  Drone  
  17  1:17  Drone  
  18  1:28  Drone  
  19  1:37  Drone  
  20  1:48  Drone  
  21  1:57  Queen x2  
  21  1:58  Drone  
  21  1:59  Drone  
  27  2:07  Overlord  
  27  2:09  Drone  
  27  2:10  Metabolic Boost  
  28  2:26  Zergling x4  
  30  2:30  Drone  
  30  2:33  Hatchery  
  30  2:34  Drone  
  31  2:39  Drone  
  31  2:41  Drone  
  33  2:45  Baneling Nest  
  32  2:51  Overlord  
  32  2:52  Drone  
  33  3:04  Drone x2  
  35  3:09  Drone  
  35  3:10  Zergling x2  
  35  3:11  Zergling x8  
  41  3:18  Queen  
  43  3:21  Overlord  
  43  3:25  Drone  
  44  3:29  Baneling  
  43  3:37  Roach Warren  
  43  3:40  Drone x5  
  47  3:43  Drone  
  47  3:48  Drone x3  
  51  3:50  Drone  
  51  3:52  Drone  
  53  4:01  Zergling x6, Baneling, Evolution Chamber  
  55  4:06  Zergling x4  
  55  4:07  Zergling x2  
  57  4:12  Overlord  
  57  4:21  Drone x2  
  57  4:22  Lair  
  57  4:24  Overlord x2  
  57  4:27  Extractor  
  57  4:28  Extractor  
  57  4:30  Drone  
  56  4:34  Drone x3  
  56  4:37  Drone  
  56  4:38  Drone  
  60  4:39  Baneling  
  60  4:41  Zergling x4  
  62  4:46  Roach  
  62  4:49  Roach  
  62  4:50  Overlord, Roach  
  68  4:52  Extractor  
  68  4:53  Roach x2  
  68  4:55  Roach  
  68  4:59  Roach  
  75  5:01  Overlord  
  75  5:05  Roach  
  75  5:06  Roach  
  79  5:07  Roach  
  79  5:11  Roach  
  76  5:15  Zergling x2  
  77  5:22  Drone x3  
  77  5:26  Drone  
  77  5:27  Drone x3  
  83  5:33  Queen  
  84  5:37  Drone x2  
  84  5:38  Drone  
  87  5:47  Spire  
  87  5:49  Zergling x2  
  89  5:50  Zergling x6  
  89  5:55  Drone  
  89  5:56  Drone x3  
  90  5:59  Zergling x6  
  90  6:03  Glial Reconstitution  
  90  6:07  Overseer  
  90  6:09  Drone x4  
  94  6:11  Overlord  
  94  6:16  Roach  
  96  6:20  Extractor  
  96  6:21  Extractor, Roach x2  
  96  6:24  Zerg Melee Weapons Level 1  
  98  6:29  Roach  
  98  6:30  Roach x3  
  106  6:34  Overlord  
  106  6:40  Overlord  
  106  6:45  Overlord x2  
  106  6:47  Overlord  
  106  6:54  Roach x4  
  114  7:00  Mutalisk x3  
  120  7:02  Mutalisk  
  120  7:06  Drone x3  
  125  7:10  Mutalisk  
  125  7:13  Overlord  
  125  7:14  Drone  
  128  7:17  Mutalisk  
  128  7:19  Drone x3  
  132  7:26  Hatchery  
  132  7:28  Zerg Flyer Weapons Level 1  
  131  7:30  Mutalisk  
  131  7:33  Drone x2  
  131  7:34  Drone  
  136  7:39  Overlord  
  136  7:40  Mutalisk  
  136  7:42  Overlord  
  138  7:45  Mutalisk  
  138  7:48  Centrifugal Hooks  
  140  7:51  Mutalisk  
  140  7:53  Overlord  
  140  7:55  Overlord  
  142  7:59  Mutalisk  
  142  8:01  Drone  
  142  8:04  Spine Crawler  
  144  8:07  Overlord  
  144  8:08  Mutalisk  
  144  8:09  Mutalisk  
  144  8:12  Zergling x10  
  153  8:20  Zerg Melee Weapons Level 2  
  153  8:23  Zergling x2, Overlord  
  153  8:25  Mutalisk  
  156  8:27  Zergling x10  
  161  8:37  Mutalisk x2  
  161  8:39  Zergling x10  
  168  8:44  Mutalisk  
  168  8:47  Zergling x6  
  173  8:49  Mutalisk  
  173  8:51  Zergling x2  
  173  8:54  Zergling x4, Roach  
  176  9:03  Mutalisk  
  176  9:05  Zergling x6  
  176  9:06  Mutalisk  
  165  9:10  Zergling x4  
  165  9:11  Zergling x2  
  165  9:15  Zergling x6  
  159  9:17  Overseer  
  159  9:18  Overseer  
  159  9:21  Zergling x2  
  159  9:23  Zergling x2  
  159  9:24  Zergling x2  
  146  9:27  Mutalisk  
  140  9:31  Mutalisk  
  140  9:32  Zergling x2  
  140  9:37  Mutalisk  
  133  9:44  Zergling x8  
  131  9:50  Pneumatized Carapace  
  131  9:52  Zergling x2  
  126  10:00  Zergling x10  
  129  10:07  Zerg Flyer Weapons Level 2  
  129  10:10  Mutalisk  
  129  10:11  Zergling x4  
  129  10:13  Zergling x2  
  134  10:19  Zergling x8  
  138  10:24  Mutalisk x2  
  142  10:33  Hatchery  
  139  10:37  Overseer  
  139  10:38  Mutalisk x2  
  139  10:39  Zergling x2  
  139  10:46  Zergling x10  
  144  10:56  Zergling x6  
  147  11:06  Baneling x20  
  147  11:07  Baneling  
  147  11:09  Zergling x6  
  150  11:13  Queen  
  152  11:20  Zergling x6  
  155  11:26  Zergling x4  
  155  11:28  Mutalisk  
  149  11:36  Mutalisk x3  
  138  11:45  Queen  
  138  11:46  Queen  
  139  11:48  Mutalisk x2  
  139  11:49  Zergling x2  
  139  11:50  Zergling x2  
  145  11:54  Mutalisk  
  145  11:57  Mutalisk  
  145  12:00  Zergling x2  
  150  12:06  Mutalisk  
  150  12:07  Zergling x2  
  150  12:08  Zergling x4  
  153  12:09  Extractor  
  153  12:12  Mutalisk  
  142  12:16  Mutalisk  
  142  12:21  Mutalisk  
  142  12:22  Zergling x4  
  128  12:30  Zergling x4  
  128  12:35  Spine Crawler  
  128  12:36  Spine Crawler x3  
  111  12:41  Mutalisk  
  95  12:45  Zergling x4  
  95  12:49  Mutalisk  
  92  12:55  Zergling x2  
  83  13:07  Spine Crawler x2  
  83  13:08  Spine Crawler  
  78  13:15  Spine Crawler  
  59  13:43  Drone  
  59  13:44  Drone  
  56  14:03  Drone  
  56  14:09  Drone  
  53  14:19  Drone  
  51  14:27  Drone  
  52  14:33  Drone  
Show
View Real Time Build Order
Export as new Build Order

FalconsSolar Zerg - Winner!

Build Orders: Hatch First, Roach Hydra 

Get SALT Encoding   

  12  0:00  Drone  
  13  0:08  Drone  
  13  0:14  Drone, Extractor  
  15  0:22  Overlord  
  15  0:41  Drone  
  16  0:45  Hatchery  
  16  0:48  Drone  
  16  0:51  Drone  
  16  0:56  Drone  
  18  1:05  Extractor  
  17  1:11  Spawning Pool  
  17  1:14  Drone  
  17  1:17  Drone  
  18  1:27  Drone  
  19  1:37  Drone  
  20  1:48  Drone  
  21  1:58  Queen x2  
  21  2:00  Zergling x2, Overlord  
  26  2:08  Drone  
  26  2:09  Drone  
  26  2:10  Metabolic Boost  
  28  2:24  Drone x2  
  30  2:32  Hatchery  
  30  2:34  Drone  
  30  2:36  Drone  
  31  2:42  Baneling Nest  
  30  2:45  Zergling x2  
  30  2:49  Overlord  
  31  2:52  Drone  
  31  2:56  Drone  
  33  3:02  Zergling x2  
  34  3:06  Drone x2  
  34  3:08  Zergling x4  
  34  3:10  Zergling x4  
  40  3:13  Drone  
  40  3:15  Overlord  
  40  3:18  Drone  
  42  3:29  Drone x2  
  44  3:35  Roach Warren  
  44  3:36  Baneling x2  
  44  3:38  Zergling x4  
  44  3:41  Drone x3  
  47  3:43  Baneling  
  47  3:47  Drone x3  
  50  3:49  Drone  
  50  3:53  Drone  
  52  3:56  Extractor  
  52  3:57  Queen  
  52  4:02  Overlord  
  53  4:06  Drone  
  53  4:07  Drone  
  55  4:11  Drone x2, Overlord  
  55  4:14  Overlord  
  57  4:19  Drone  
  56  4:25  Roach x4  
  56  4:29  Drone  
  56  4:30  Drone  
  66  4:36  Drone x2  
  68  4:40  Roach x2  
  68  4:43  Evolution Chamber  
  68  4:44  Drone  
  72  4:48  Lair, Extractor  
  72  4:50  Overlord  
  72  4:51  Drone  
  72  4:56  Drone  
  72  4:57  Overlord  
  72  4:58  Drone x4  
  72  4:59  Drone  
  78  5:02  Drone  
  78  5:04  Drone  
  78  5:05  Drone  
  80  5:11  Drone  
  80  5:12  Drone  
  80  5:16  Drone  
  80  5:18  Roach x3  
  80  5:19  Extractor  
  80  5:20  Extractor  
  80  5:21  Zerg Missile Weapons Level 1  
  83  5:27  Roach x2  
  83  5:32  Roach x2  
  84  5:37  Roach  
  84  5:40  Zergling x2, Spine Crawler  
  84  5:42  Roach  
  86  5:47  Glial Reconstitution  
  86  5:48  Overlord  
  86  5:49  Roach  
  88  5:51  Overlord  
  88  5:52  Roach x2  
  88  5:53  Queen  
  88  5:57  Zergling x6  
  94  6:06  Overseer  
  94  6:07  Drone x4  
  94  6:08  Drone x2  
  94  6:09  Extractor  
  99  6:11  Ravager  
  99  6:14  Overlord  
  99  6:16  Roach x4  
  108  6:18  Roach  
  108  6:19  Roach x2  
  108  6:24  Overlord  
  114  6:26  Overlord  
  114  6:30  Overlord x2  
  113  6:36  Hydralisk Den  
  112  6:40  Overlord  
  112  6:41  Drone x3  
  112  6:42  Drone  
  112  6:43  Drone  
  112  6:45  Overlord  
  117  6:47  Drone  
  117  6:48  Drone  
  119  6:56  Drone  
  119  6:57  Spore Crawler  
  119  6:58  Overseer  
  119  7:00  Overlord  
  119  7:01  Roach x2  
  123  7:08  Hydralisk x2, Muscular Augments  
  123  7:11  Hydralisk x5  
  123  7:14  Roach x3  
  143  7:17  Spore Crawler  
  143  7:20  Hydralisk  
  144  7:27  Hydralisk x3  
  144  7:28  Spore Crawler  
  144  7:29  Roach x2  
  155  7:30  Roach  
  155  7:35  Overlord  
  155  7:36  Overlord  
  155  7:43  Burrow, Tunneling Claws, Zerg Missile Weapons Level 2  
  155  7:45  Roach x2  
  155  7:48  Hydralisk  
  155  7:49  Roach  
  163  7:53  Hydralisk  
  163  7:55  Roach  
  163  7:56  Roach  
  169  8:00  Roach x3  
  175  8:09  Roach x3  
  175  8:10  Overlord  
  175  8:11  Overlord  
  175  8:12  Grooved Spines  
  181  8:17  Hatchery  
  180  8:20  Hydralisk x2  
  180  8:25  Hydralisk  
  180  8:26  Overlord  
  186  8:30  Hydralisk x3  
  188  8:34  Hydralisk  
  188  8:35  Hydralisk  
  188  8:40  Roach x2  
  188  8:41  Roach  
  192  8:45  Roach x2  
  192  8:47  Roach  
  198  8:50  Hydralisk  
  197  8:59  Roach x2, Queen  
  197  9:01  Roach x10  
  198  9:08  Roach x6  
  179  9:10  Roach x6  
  179  9:12  Drone x17  
  179  9:13  Roach x4  
  172  9:17  Hydralisk x5  
  172  9:21  Drone x10, Roach  
  163  9:26  Roach  
  163  9:29  Roach x7  
  143  9:39  Infestation Pit  
  143  9:41  Spore Crawler  
  143  9:42  Roach x2  
  128  9:48  Hydralisk x3  
  128  9:50  Overlord  
  132  9:53  Hydralisk  
  132  9:54  Hydralisk  
  136  10:01  Hydralisk x2  
  138  10:08  Queen  
  138  10:13  Spore Crawler x2  
  134  10:16  Queen  
  134  10:21  Infestor  
  134  10:24  Infestor  
  134  10:27  Infestor  
  136  10:29  Drone  
  136  10:30  Roach  
  136  10:33  Roach  
  136  10:34  Roach  
  143  10:41  Hydralisk x2  
  143  10:42  Spore Crawler  
  146  10:44  Drone  
  146  10:47  Infestor  
  149  10:53  Roach x3  
  153  10:59  Hydralisk x2  
  157  11:09  Infestor  
  159  11:12  Roach x4  
  159  11:16  Roach x2  
  170  11:20  Overlord  
  170  11:22  Roach x2  
  170  11:23  Roach  
  176  11:37  Roach x5  
  168  11:43  Roach x3  
  172  11:51  Hydralisk x2  
  172  11:54  Drone  
  177  12:00  Roach  
  177  12:01  Roach  
  175  12:04  Roach  
  177  12:10  Roach x2  
  167  12:22  Roach x4  
  145  12:31  Roach  
  145  12:36  Hydralisk  
  143  12:46  Hydralisk  
  140  12:57  Hydralisk  
  137  13:08  Infestor  
  139  13:16  Infestor  
  141  13:25  Roach x4  
  140  13:31  Infestor  
  142  13:41  Roach x4  
  136  13:51  Queen  
  138  14:01  Infestor  
  140  14:07  Spore Crawler  
Tags
 
Add a new tag
Caveats
  • Supply blocks, unpowered buildings, or Contaminate may cause inaccurate times.
  • Supply counts are checked every 10 seconds.